Map: Orbital Shipyard

Players

Miszu

  • Race: Terran Terran
  • League: Master

Bordan - Winner!

  • Race: Protoss Protoss
  • League: Grandmaster

VOD

Have the link to the VOD?

Description

Time

  • Played on: March 27, 2016, 3:58 p.m.
  • Length: 5:30
Show
View Real Time Build Order
Export as new Build Order

Miszu Terran 

Build Orders: Command Center First (CC) 

Get SALT Encoding   

  12  0:01  SCV  
  13  0:13  SCV  
  14  0:19  Supply Depot  
  14  0:27  SCV  
  15  0:40  SCV  
  16  0:53  SCV  
  17  1:01  Command Center  
  17  1:05  SCV  
  18  1:17  SCV  
  18  1:18  Barracks  
  19  1:29  SCV  
  19  1:30  Barracks  
  20  1:41  SCV  
  20  1:45  Barracks  
  21  1:53  SCV  
  22  2:06  Marine  
  22  2:07  Orbital Command  
  23  2:12  Orbital Command  
  23  2:18  Marine  
  24  2:27  Marine  
  25  2:32  SCV  
  25  2:33  Marine  
  27  2:37  Marine  
  27  2:39  SCV  
  27  2:42  Refinery x2  
  29  2:44  Marine, SCV  
  29  2:51  Marine, SCV  
  32  2:57  Supply Depot, SCV  
  32  2:58  Marine  
  35  3:03  Supply Depot, SCV  
  36  3:07  Marine  
  36  3:09  SCV  
  38  3:19  Marine, Barracks Tech Lab, SCV  
  40  3:21  SCV  
  41  3:28  Marine  
  41  3:31  Supply Depot, SCV  
  41  3:33  SCV  
  44  3:37  Marine x2  
  46  3:43  SCV  
  46  3:45  SCV  
  46  3:46  Marine  
  49  3:54  Marine x2  
  51  3:55  SCV  
  51  3:57  SCV  
  51  4:00  Supply Depot, Factory  
  53  4:04  Marine  
  53  4:07  SCV  
  53  4:09  SCV  
  56  4:12  Engineering Bay, Refinery, Marine x2  
  58  4:20  SCV  
  58  4:21  SCV  
  58  4:22  Marine  
  58  4:23  Supply Depot  
  61  4:30  Marine x2  
  63  4:32  SCV  
  63  4:33  SCV  
  65  4:44  SCV  
  67  4:45  SCV  
  67  4:46  Starport  
  67  4:47  Factory Reactor  
  69  4:53  Barracks Reactor  
  69  4:54  Marine, Barracks Tech Lab  
  69  4:55  Command Center  
  69  4:56  SCV  
  69  5:01  Refinery  
  69  5:06  SCV  
  70  5:07  Barracks  
  70  5:09  Supply Depot, Barracks  
  72  5:17  SCV  
Show
View Real Time Build Order
Export as new Build Order

Bordan Protoss - Winner!

Build Orders: 1 Gate Expand, Dark Templar Rush 

Get SALT Encoding   

  12  0:01  Probe (Chrono Boost)  
  13  0:11  Probe (Chrono Boost)  
  14  0:18  Pylon  
  14  0:22  Probe (Chrono Boost)  
  15  0:37  Gateway, Probe (Chrono Boost)  
  16  0:46  Assimilator  
  16  0:47  Probe (Chrono Boost)  
  17  0:58  Probe (Chrono Boost)  
  18  1:08  Probe (Chrono Boost)  
  19  1:19  Probe (Chrono Boost)  
  20  1:27  Nexus  
  20  1:30  Probe (Chrono Boost)  
  21  1:43  Probe (Chrono Boost)  
  21  1:44  Assimilator  
  21  1:46  Pylon  
  22  1:53  Probe (Chrono Boost)  
  23  2:05  Cybernetics Core, Probe (Chrono Boost)  
  25  2:15  Probe (Chrono Boost)  
  25  2:26  Probe (Chrono Boost)  
  26  2:36  Probe (Chrono Boost)  
  27  2:39  Probe (Chrono Boost)  
  27  2:41  Stalker  
  27  2:42  Pylon, Warp Gate  
  30  2:47  Probe (Chrono Boost)  
  30  2:50  Probe (Chrono Boost)  
  32  2:53  Robotics Facility  
  32  2:57  Probe (Chrono Boost)  
  33  3:00  Probe (Chrono Boost)  
  33  3:02  Twilight Council  
  34  3:08  Probe (Chrono Boost)  
  34  3:11  Probe (Chrono Boost)  
  36  3:18  Probe (Chrono Boost)  
  37  3:22  Probe (Chrono Boost)  
  38  3:29  Mothership Core (Chrono Boost)  
  38  3:32  Probe (Chrono Boost)  
  41  3:38  Pylon  
  41  3:39  Dark Shrine  
  43  3:43  Probe (Chrono Boost)  
  43  3:44  Pylon  
  42  3:49  Gateway x2, Probe (Chrono Boost)  
  42  3:53  Probe (Chrono Boost)  
  42  3:55  Warp Prism (Chrono Boost)  
  44  4:00  Probe (Chrono Boost)  
  47  4:04  Probe (Chrono Boost)  
  46  4:11  Probe (Chrono Boost)  
  46  4:13  Probe (Chrono Boost)  
  46  4:17  Pylon  
  48  4:22  Probe  
  49  4:26  Nexus  
  49  4:27  Probe  
  50  4:34  Probe  
  50  4:37  Assimilator  
  50  4:38  Probe  
  51  4:42  Assimilator  
  52  4:46  Probe  
  52  4:48  Probe  
  55  4:54  Dark Templar x2  
  55  4:55  Dark Templar  
  55  4:59  Probe x2  
  61  5:05  Gateway x2  
  62  5:09  Probe  
  62  5:11  Probe  
  62  5:13  Pylon  
  65  5:17  Pylon  
  66  5:28  Dark Templar x2  
Tags
 
Add a new tag
Caveats
  • Supply blocks, unpowered buildings, or Contaminate may cause inaccurate times.
  • Supply counts are checked every 10 seconds.